 Dungeon Crawl Stone Soup version 0.31.0-32-g396128a36d (webtiles) character file.

Game seed: 8266124786529304388

315 imdaedric the Sneak (level 6, -2/37 HPs)
             Began as a Tengu Brigand on Apr 24, 2024.
             Slain by an iguana (8 damage)
             ... on level 4 of the Dungeon.
             The game lasted 00:06:49 (3549 turns).

imdaedric the Sneak (Tengu Brigand)                 Turns: 3549, Time: 00:06:50

Health: -2/37      AC:  4    Str: 11    XL:     6   Next: 43%
Magic:  7/7        EV: 13    Int: 11    God:
Gold:   135        SH:  0    Dex: 18    Spells: 5/5 levels left

rFire   . . .        g - +1 dagger (freeze)
rCold   . . .        (no shield)
rNeg    + . .        i - +1 robe {rN+}
rPois   .            (helmet restricted)
rElec   .            c - +0 cloak
rCorr   +            (no gloves)
SInv    .            (boots unavailable)
Will    .....        (no amulet)
Stlth   +++          v - ring of resist corrosion
HPRegen 0.26/turn    (no ring)
MPRegen 0.10/turn

%: acrobat
@: no status effects
A: beak, talons 3, acrobatic
a: no special abilities


You were on level 4 of the Dungeon.
You visited 1 branch of the dungeon, and saw 4 of its levels.

You collected 135 gold pieces.

Inventory:

Hand Weapons
 a - a +2 dagger
 g - a +1 dagger of freezing (weapon)
Missiles
 d - 12 poisoned darts
 e - 3 curare-tipped darts
 f - 12 javelins
 j - 4 atropa-tipped darts (quivered)
 t - a throwing net
Armour
 c - a +0 cloak (worn)
 i - a +1 robe of positive energy (worn)
Jewellery
 v - a ring of resist corrosion (left hand)
Scrolls
 b - a scroll of enchant weapon
 k - a scroll of revelation
 l - a scroll of poison
 o - a scroll of immolation
 p - a scroll of fog {unknown}
 u - a scroll of teleportation
Potions
 h - a potion of enlightenment {unknown}
 m - a potion of invisibility
 n - a potion of haste {unknown}
 q - 2 potions of heal wounds {unknown}
 r - 2 potions of might {unknown}
 s - a potion of brilliance {unknown}


   Skills:
 + Level 3.4 Fighting
 + Level 3.7 Short Blades
 + Level 3.3 Throwing
 + Level 3.1 Dodging
 + Level 5.0 Stealth


You had 5 spell levels left.
You didn't know any spells.
Your spell library contained the following spells:

 Spells                   Type           Power      Damage    Failure   Level
 Lesser Beckoning         Tloc           0%         N/A       47%         2
 Gell's Gravitas          Tloc           0%         N/A       71%         3
 Teleport Other           Tloc           0%         N/A       71%         3
 Passage of Golubria      Tloc           0%         N/A       98%         4
 Silence                  Hex/Air        0%         N/A       100%        5
 Lehudib's Crystal Spear  Conj/Erth      0%         10d2      100%        8


Dungeon Overview and Level Annotations

Branches:
Dungeon (4/15)
 Temple: D:4-7

Altars:

Shops:
D:3 (


Innate Abilities, Weirdness & Mutations

You have a beak for a mouth.
You have claws for feet.
You can magically evade attacks while moving or waiting.


Message History

You are too injured to fight recklessly!
You are too injured to fight recklessly!
You are too injured to fight recklessly!
You are too injured to fight recklessly!
You are too injured to fight recklessly!
You are too injured to fight recklessly!
You are too injured to fight recklessly!
You are too injured to fight recklessly!
You are too injured to fight recklessly!
You are too injured to fight recklessly!
You are too injured to fight recklessly!
You are too injured to fight recklessly!
You are too injured to fight recklessly!
You hit the iguana.
The iguana seems to slow down.
You freeze the iguana. You peck the iguana.
The iguana is heavily wounded.
You barely miss the iguana.
The iguana is heavily wounded.
The iguana misses you.
You hit the iguana but do no damage. Your kick misses the iguana.
The iguana is heavily wounded.
The iguana is no longer moving slowly.
You hit the iguana but do no damage. You claw the iguana, but do no damage.
The iguana is heavily wounded.
The iguana closely misses you.
You hit the iguana but do no damage. You claw the iguana.
The iguana is heavily wounded.
The iguana bites you!
* * * LOW HITPOINT WARNING * * *
Hit: g) +1 dagger (freeze)
Press: ? - help, Dir - move target, f - iguana
Aim: an iguana (heavily wounded, about 29% to evade your +1 dagger of freezing)
You hit the iguana but do no damage. You claw the iguana, but do no damage.
The iguana is heavily wounded.
The iguana bites you.
* * * LOW HITPOINT WARNING * * *
You closely miss the iguana. You claw the iguana. Your peck misses the iguana.
The iguana is heavily wounded.
The iguana bites you!
You die...

#.................##.#
...................... .#
.......##......#..... ...
.....##............. #...
..#......##.##.....
#....##.#......##.###....
...>....#..........#.....
#...gl#................
#.#..#@............#...
##.##............#... ..
#..............#. ...
#..#........#.... ##..
..##.............
##..........#...###..
....####..##...#.... ###
#...#........ ...##..#..


You could see an iguana and a goblin.

Vanquished Creatures
  Sigmund (D:3)
  Terence (D:2)
  Robin (D:2)
  3 adders (D:2)
  2 dart slugs
  4 ribbon worms (D:2)
  2 orcs
  4 bats
  9 endoplasms
  2 giant cockroaches
  8 goblins
  9 hobgoblins
  8 jackals (D:1)
  2 kobolds
  A quokka (D:1)
  6 ball pythons
  4 frilled lizards (D:3)
  6 rats
73 creatures vanquished.

Vanquished Creatures (others)
  A kobold (D:3)
1 creature vanquished.

Grand Total: 74 creatures vanquished

Notes
Turn   | Place    | Note
-------+----------+-------------------------------------------
     0 | D:1      | imdaedric the Tengu Brigand began the quest for the Orb.
     0 | D:1      | Reached XP level 1. HP: 12/12 MP: 2/2
   339 | D:1      | Reached XP level 2. HP: 15/17 MP: 3/3
  1022 | D:1      | Reached XP level 3. HP: 15/21 MP: 4/4
  1345 | D:2      | Noticed Robin
  1362 | D:2      | Killed Robin
  1371 | D:2      | Reached XP level 4. HP: 12/27 MP: 5/5
  1624 | D:2      | Noticed Terence
  2013 | D:2      | Killed Terence
  2156 | D:2      | Reached XP level 5. HP: 32/32 MP: 6/6
  2383 | D:3      | Found Woirax's Antique Weapon Shoppe.
  2450 | D:3      | Noticed Sigmund
  3260 | D:3      | Killed Sigmund
  3261 | D:3      | Reached skill level 5 in Stealth
  3261 | D:3      | Reached XP level 6. HP: 37/37 MP: 7/7
  3549 | D:4      | Slain by an iguana

Illustrated notes

Levels and vault maps discovered:
D:1:      minmay_arrival_loop, layout_loops_corners, minmay_misc_feat_tiny,
          minmay_misc_feat_ornament, minmay_pentomino_t2
D:2:      layout_basic, minmay_misc_feat_room, uniq_robin, uniq_terence
D:3:      layout_basic, serial_shops, nicolae_shop_statue_plus, uniq_sigmund
D:4:      layout_cave_pools, kennysheep_mini, lemuel_round_altar,
          lemuel_mausoleum_altar_kikubaaqudgha

Skill      XL: |  1  2  3  4  5 |
---------------+----------------+-----
Dodging        | 2 3 |  3.1
Short Blades   | 3 |  3.7
Fighting       | 3 |  3.4
Throwing       | 3 |  3.3
Stealth        | 5 |  5.0

Action                     |  1- 3 |  4- 6 || total
---------------------------+-------+-------++-------
  Melee: Dagger            |    75 |   109 ||   184
         Kick              |    15 |    34 ||    49
         Peck              |    10 |    14 ||    24
         Punch             |       |     1 ||     1
  Throw: Dart              |       |     7 ||     7
    Use: Scroll            |     4 |     2 ||     6
   Stab: Sleeping          |     7 |     4 ||    11
 Armour: Robe              |    28 |    42 ||    70
  Dodge: Dodged            |    46 |    49 ||    95
